 Dungeon Crawl Stone Soup version 0.31.0-32-g396128a36d (webtiles) character file.

Game seed: 16707531198039083707

49 PaiMei the Grave Robber (level 3, 0/24 HPs)
             Began as a Demonspawn Necromancer on Mar 29, 2024.
             Killed from afar by an orc wizard (5 damage)
             ... with a puff of flame
             ... on level 2 of the Dungeon.
             The game lasted 00:02:35 (1476 turns).

PaiMei the Grave Robber (Demonspawn Necromancer)    Turns: 1476, Time: 00:02:35

Health: 0/24       AC:  2    Str:  8    XL:     3   Next: 53%
Magic:  5/6        EV: 12    Int: 17    God:
Gold:   83         SH:  0    Dex: 13    Spells: 6/7 levels left

rFire   . . .        k - +2 dagger (flame)
rCold   . . .        (no shield)
rNeg    . . .        a - +0 robe
rPois   .            (no helmet)
rElec   .            (no cloak)
rCorr   .            (no gloves)
SInv    .            (no boots)
Will    .....        (no amulet)
Stlth   +            (no ring)
HPRegen 0.24/turn    (no ring)
MPRegen 0.10/turn

%: no passive effects
@: confused
A: powered by pain 1
a: no special abilities


You were on level 2 of the Dungeon.
You visited 1 branch of the dungeon, and saw 2 of its levels.

You collected 83 gold pieces.

Inventory:

Hand Weapons
 d - a +0 dagger
 j - a +0 short sword
 k - a +2 dagger of flaming (weapon)
Missiles
 e - a throwing net
Armour
 a - a +0 robe (worn)
Scrolls
 f - 2 scrolls of identify {unknown}
 g - a scroll of teleportation {unknown}
 h - a scroll of amnesia {unknown}
 i - a scroll of revelation {unknown}
Potions
 b - a potion of magic
 c - a potion of cancellation {unknown}


   Skills:
 + Level 2.3 Dodging
 + Level 2.4 Stealth
 + Level 2.5 Spellcasting
 + Level 4.7 Necromancy


You had 6 spell levels left.
You knew the following spells:

 Your Spells              Type           Power      Damage    Failure   Level
a - Necrotise             Necr           72%        1d7       2%          1

Your spell library contained the following spells:

 Spells                   Type           Power      Damage    Failure   Level
 Vampiric Draining        Necr           18%        2d7       8%          3
 Animate Dead             Necr           18%        N/A       26%         4
 Curse of Agony           Necr           18%        N/A       58%         5


Dungeon Overview and Level Annotations

Branches:
Dungeon (2/15)

Altars:


Innate Abilities, Weirdness & Mutations

You sometimes gain a little power by taking damage.


Message History

You focus on the pain.
You feel your power returning.
Casting: Necrotise (safe; 2% risk of failure)
Confirm with . or Enter, or press ? or * to list all spells.
You can't see any susceptible monsters within range! (Use Z to cast anyway.)
The orc wizard gestures at you while chanting.
You are confused.
You're too confused to cast spells.
You're too confused to cast spells.
You're too confused to cast spells.
You're too confused to cast spells.
You're too confused to cast spells.
You bump into the rock wall.
The orc wizard points at you and mumbles some strange words.
The puff of flame hits you!
* * * LOW HITPOINT WARNING * * *
You barely miss the orc wizard. The orc wizard closely misses you.
You're too confused to cast spells.
You're too confused to cast spells.
You feel less confused.
You hit the orc wizard. You burn the orc wizard.
The orc wizard is lightly wounded.
The orc wizard closely misses you.
You closely miss the orc wizard.
The orc wizard is lightly wounded.
The orc wizard hits you with a +0 dagger.
* * * LOW HITPOINT WARNING * * *
Casting: Necrotise (safe; 2% risk of failure)
Confirm with . or Enter, or press ? or * to list all spells.
Aiming: Necrotise (safe; 2% risk of failure)
Press: ? - help, Shift-Dir - straight line, f - orc wizard
Aim: an orc wizard, wielding a +0 dagger and wearing a +0 robe (lightly wounded, chance to affect: 76%)
The orc wizard writhes in agony.
The orc wizard points at you and mumbles some strange words.
You are confused.
You're too confused to cast spells.
Things that are here:
a +0 falchion; a +0 hand axe The orc wizard casts a spell at you.
The puff of flame hits you.
You die...

##..........#
#.o.o......#
#.o........#
#..........#
#..........#
####.#######
##.###########
#............#
#..###....).@#
#..# #....o..#
#..# #.......#
#..# #.......#
....# #.......#
###.#.## #.......+
....#.####.......#
#.###.#.....#....#
.....<#.#####†...#


You could see an orc wizard.

Vanquished Creatures
  2 dart slugs (D:1)
  A ribbon worm (D:2)
  3 orcs (D:2)
  6 endoplasms
  3 giant cockroaches (D:1)
  2 goblins (D:1)
  3 hobgoblins
  A kobold (D:1)
  3 quokkas (D:1)
  2 bats (D:1)
  3 frilled lizards
  3 rats (D:1)
32 creatures vanquished.

Vanquished Creatures (collateral kills)
  An orc (D:2)
  A goblin (D:1)
2 creatures vanquished.

Grand Total: 34 creatures vanquished

Notes
Turn   | Place    | Note
-------+----------+-------------------------------------------
     0 | D:1      | PaiMei the Demonspawn Necromancer began the quest for the
                  | Orb.
     0 | D:1      | Reached XP level 1. HP: 13/13 MP: 3/3
   216 | D:1      | Gained mutation: You sometimes gain a little power by
                  | taking damage. [demonic ancestry]
   216 | D:1      | Reached XP level 2. HP: 13/19 MP: 0/5
   826 | D:1      | Reached XP level 3. HP: 24/24 MP: 3/6
  1091 | D:2      | Found a faded altar of an unknown god.
  1476 | D:2      | Killed from afar by an orc wizard

Illustrated notes

Levels and vault maps discovered:
D:1:      dpeg_arrival_pits, layout_loops_cross, minmay_close_crescents
D:2:      layout_basic, hellmonk_ecumenical_altar_pennies_from_heaven

Skill      XL: |  1 |
---------------+----+-----
Stealth        | 2 |  2.4
Dodging        | 2 |  2.3
Spellcasting   | |  2.5
Necromancy     | |  4.7

Action                     || total
---------------------------++-------
  Melee: Unarmed           ||    10
         Dagger            ||    24
         Short sword       ||     3
         Punch             ||     1
   Cast: Necrotise         ||    66
 Armour: Robe              ||    26
  Dodge: Dodged            ||    32
